cohdb
Replays
Latest Replays
All Replays
Popular Replays
Top Player Replays
Match Explorer
How It Works
Community
CoH3 Stats
Reddit
Sign in to upload your games and track your stats! →
Sign in with Steam
Match 44129686
Unlisted
Match 44129686
Overview
Messages
Build Orders
End
Construct Barracks
Engineer Squad
1⁄4-ton 4x4 Truck
Selects Armored Battlegroup
Selects Armored Battlegroup
Selects Veteran Crews
Engineer Squad
Riflemen Squad
Grenade Package
Air Support Center
Selects M31 Recovery Vehicle
Riflemen Squad
Construct Motor Pool
Selects Fast Deploy
M24 Chaffee Light Tank
P-47 Dive Bomb
M1918 Browning Automatic Rifles
P-47 Strafing Run
Selects M8 Scott SPG
M1 Anti-tank Gun Team
M1 Anti-tank Gun Team
Construct Tank Depot
Engineer Squad
P-47 Strafing Run
Selects UNKNOWN (2160077)
Selects War Machine
M4A3E8 Sherman Easy Eight
Riflemen Squad
Scout Squad
M4A3E8 Sherman Easy Eight
P-47 Strafing Run
M4A3E8 Sherman Easy Eight
P-47 Dive Bomb
M1 Anti-tank Gun Team
M1 Anti-tank Gun Team
Briew noob mission
Freakbob
TidaL
勇爷来也
WulfGang
dogzang
白象火鸡面真好吃
ganxuezhao1
0
0
Comments
sign in to comment!
No comments posted yet!